 Dungeon Crawl Stone Soup version 0.31-a0-187-gba352fbbf7 (webtiles) character file.

Game seed: 12672615386948893478

163 qw the Skirmisher (level 5, 0/29 HPs)
             Began as a Deep Elf Hunter on June 22, 2023.
             Slain by a gnoll
             ... wielding a +0 club
             ... led by a gnoll bouda
              (6 damage)
             ... on level 3 of the Dungeon.
             The game lasted 00:00:44 (2075 turns).

qw the Skirmisher (Deep Elf Hunter)                 Turns: 2075, Time: 00:00:44

Health: 0/29       AC:  3    Str: 10    XL:     5   Next: 20%
Magic:  7/7        EV: 12    Int: 14    God:
Gold:   190        SH:  0    Dex: 18    Spells: 4/4 levels left

rFire   . . .        Y - +1 shortbow
rCold   . . .        (shield currently unavailable)
rNeg    . . .        c - +0 leather armour
rPois   .            (no helmet)
rElec   .            (no cloak)
rCorr   +            (no gloves)
SInv    .            (no boots)
Will    .....        j - amulet of faith
Stlth   ++           e - ring of resist corrosion
HPRegen 0.24/turn    (no ring)
MPRegen 0.10/turn

%: faith
@: no status effects
A: no striking features
a: no special abilities


You were on level 3 of the Dungeon.
You visited 1 branch of the dungeon, and saw 3 of its levels.

You collected 245 gold pieces.
You spent 55 gold pieces at shops.


   Skills:
 - Level 1.5 Fighting
 + Level 8.6 Ranged Weapons
 - Level 2.4 Dodging
 - Level 1.2 Stealth


You had 4 spell levels left.
You didn't know any spells.
Your spell library was empty.

Inventory:

Hand Weapons
 Y - a +1 shortbow (weapon)
Armour
 c - a +0 leather armour (worn)
 m - a +0 ring mail
Jewellery
 e - a ring of resist corrosion (left hand)
 j - an amulet of faith (around neck)
Scrolls
 a - a scroll of teleportation {unknown}
 k - a scroll of acquirement {unknown}
 l - 3 scrolls of fear {unknown}
Potions
 b - 2 potions of brilliance {unknown}
 d - a potion of mutation {unknown}
 f - a potion of might {unknown}
 g - a potion of resistance {unknown}
 h - a potion of haste
 i - a potion of enlightenment

Dungeon Overview and Level Annotations

Branches:
Dungeon (3/15)

Altars:
Vehumet

Shops:
D:1 !


Message History

You shoot an arrow. The arrow hits the gnoll bouda.
The gnoll bouda is heavily wounded.
The gnoll bouda hits you with a +0 whip.
You shoot an arrow.
The arrow closely misses the gnoll bouda.
The arrow hits the gnoll.
The gnoll is heavily wounded.
The gnoll bouda barely misses you.
The gnoll bouda hits you with a +0 whip.
You shoot an arrow. The arrow hits the gnoll bouda.
The gnoll bouda is severely wounded.
The gnoll hits you with a +0 club.
The gnoll bouda hits you with a +0 whip.
You shoot an arrow.
The arrow barely misses the gnoll bouda.
The gnoll barely misses you.
The gnoll bouda calls upon its god to heal the gnoll.
The gnoll's wounds heal themselves!
You shoot an arrow.
The arrow barely misses the gnoll bouda.
The gnoll closely misses you.
The gnoll bouda hits you with a +0 whip.
You shoot an arrow. The arrow hits the gnoll bouda.
The gnoll bouda is almost dead.
The gnoll hits you with a +0 club.
The gnoll bouda hits you with a +0 whip.
You shoot an arrow.
The arrow closely misses the gnoll bouda.
Your attacks no longer feel as feeble.
The gnoll hits you with a +0 club. The gnoll bouda barely misses you.
You shoot an arrow. The arrow hits the gnoll bouda!
You kill the gnoll bouda!
The gnoll barely misses you.
You have reached level 5!
You shoot an arrow. The arrow hits the gnoll.
The gnoll is lightly wounded.
The gnoll misses you.
You shoot an arrow. The arrow closely misses the gnoll.
The gnoll hits you with a +0 club.
You die...

########### ..........#
#########.########
#............)@#########
#.#.....###..g.....)...#
###.......######.......#<#
.....)........########.#.#
.##.......###.##
#.#.########
.##.#.....##...###
#...........
.##.##.##.##.....#
###.........
.##.#...#.##...#.#
##########
.##..#.#..######.# #


You could see a gnoll (swift).

Vanquished Creatures
  A gnoll bouda (D:3)
  2 gnolls (D:3)
  2 river rats (D:3)
  5 adders
  2 worms
  A dart slug (D:2)
  3 ball pythons
  4 endoplasms
  A giant cockroach (D:2)
  6 goblins
  4 hobgoblins
  3 quokkas
  4 bats
  3 frilled lizards
  2 kobolds
  5 rats
48 creatures vanquished.

Vanquished Creatures (others)
  An adder (D:3)
1 creature vanquished.

Grand Total: 49 creatures vanquished

Notes
Turn   | Place    | Note
-------+----------+-------------------------------------------
     0 | D:1      | qw the Deep Elf Hunter began the quest for the Orb.
     0 | D:1      | Reached XP level 1. HP: 12/12 MP: 3/3
     0 | D:1      | 0 ||| qw: Version: 0.3-a-9-g12657ce
     0 | D:1      | 0 ||| qw: Game counter: 1984
     0 | D:1      | 0 ||| qw: Always use a shield: true
     0 | D:1      | 0 ||| qw: God list: Okawaru
     0 | D:1      | 0 ||| qw: Allow faded altars: false
     0 | D:1      | 0 ||| qw: Do Orc after D:15 true
     0 | D:1      | 0 ||| qw: Do second Lair branch before Depths: true
     0 | D:1      | 0 ||| qw: Lair rune preference: random
     0 | D:1      | 0 ||| qw: Plans: Normal
     0 | D:1      | 0 ||| PLANNING D:1-11
    42 | D:1      | 42 ||| FLEEEEING.
    44 | D:1      | 44 ||| FLEEEEING.
    45 | D:1      | 45 ||| FLEEEEING.
    46 | D:1      | 46 ||| FLEEEEING.
    50 | D:1      | 50 ||| FLEEEEING.
    51 | D:1      | 51 ||| FLEEEEING.
    52 | D:1      | 52 ||| FLEEEEING.
   125 | D:1      | Reached XP level 2. HP: 16/16 MP: 4/4
   179 | D:1      | Reached skill level 6 in Ranged Weapons
   196 | D:1      | Found Xiniom's Distillery.
   214 | D:1      | 214 ||| SHOPLISTING 2 potions of resistance (220 gold, have
                  | 119).
   214 | D:1      | 214 ||| BUYING potion of enlightenment (55 gold).
   214 | D:1      | Bought a potion of enlightenment for 55 gold pieces
   214 | D:1      | 214 ||| SHOPLISTING potion of haste (110 gold, have 64).
   361 | D:1      | 361 ||| UPGRADING to amulet of faith.
   366 | D:1      | 366 ||| UPGRADING to ring of resist corrosion.
   367 | D:1      | 367 ||| READING scroll labelled QOUXAJ BEMUU.
   397 | D:1      | 397 ||| READING scroll labelled LETIOD CAC LINN.
   398 | D:1      | 398 ||| DROPPING scroll of butterflies.
   626 | D:2      | Reached XP level 3. HP: 18/20 MP: 5/5
   820 | D:2      | Reached skill level 7 in Ranged Weapons
   903 | D:2      | 903 ||| FLEEEEING.
   993 | D:2      | Reached XP level 4. HP: 25/25 MP: 6/6
  1253 | D:2      | 1253 ||| READING scroll labelled JUDOVO GIORCHU.
  1254 | D:2      | 1254 ||| READING scroll labelled PATZED IMOC.
  1282 | D:3      | 1282 ||| PLANNING SEWER
  1469 | D:3      | Found a radiant altar of Vehumet.
  1879 | D:3      | 1879 ||| RIP SEWER
  1880 | D:3      | 1880 ||| PLANNING D:1-11
  1888 | D:3      | Reached skill level 8 in Ranged Weapons
  2040 | D:3      | 2040 ||| FLEEEEING.
  2041 | D:3      | 2041 ||| FLEEEEING.
  2042 | D:3      | 2042 ||| FLEEEEING.
  2043 | D:3      | 2043 ||| FLEEEEING.
  2044 | D:3      | 2044 ||| FLEEEEING.
  2045 | D:3      | 2045 ||| FLEEEEING.
  2046 | D:3      | 2046 ||| FLEEEEING.
  2047 | D:3      | 2047 ||| FLEEEEING.
  2050 | D:3      | 2050 ||| FLEEEEING.
  2051 | D:3      | 2051 ||| FLEEEEING.
  2052 | D:3      | 2052 ||| FLEEEEING.
  2053 | D:3      | 2053 ||| FLEEEEING.
  2054 | D:3      | 2054 ||| FLEEEEING.
  2059 | D:3      | 2059 ||| FLEEEEING.
  2060 | D:3      | 2060 ||| FLEEEEING.
  2071 | D:3      | HP: 5/25 [gnoll bouda/+0 whip (6)]
  2074 | D:3      | Reached XP level 5. HP: 5/29 MP: 7/7
  2075 | D:3      | Slain by a gnoll

Levels and vault maps discovered:
D:1:      saegor_arrival_simple_b, layout_rooms, serial_shops, shop_coins
D:2:      layout_loops_corners, kennysheep_generic_room_11
D:3:      layout_loops_ring, fiery_altar_vehumet,
          nicolae_overflow_hidden_temple, lightli_sewer_entry_pipes

Skill      XL: |  1  2  3  4 |
---------------+-------------+-----
Ranged Weapons | 6 7 8 |  8.6
Fighting       | |  1.5
Dodging        | |  2.4
Stealth        | |  1.2

Action                     |  1- 3 |  4- 6 || total
---------------------------+-------+-------++-------
   Fire: Shortbow          |    68 |    75 ||   143
    Use: Scroll            |     2 |     2 ||     4
 Armour: Leather armour    |     2 |     1 ||     3
  Dodge: Dodged            |     9 |    17 ||    26

Table legend:
 A = Non-vault XP
 B = Vault XP
 C = Vault XP percentage of total XP
 D = Non-vault monster count
 E = Vault monster count
 F = Vault count percentage of total count
                 A         B        C        D         E       F
            +---------+---------+-------+---------+---------+-------
      Total |     196 |      37 |  15.9 |      41 |       7 |  14.6
            +---------+---------+-------+---------+---------+-------
        D:1 |      15 |       0 |   0.0 |      10 |       0 |   0.0
        D:2 |      86 |       2 |   2.3 |      19 |       1 |   5.0
        D:3 |      95 |      35 |  26.9 |      12 |       6 |  33.3
            +---------+---------+-------+---------+---------+-------
